 Dungeon Crawl Stone Soup version 0.23.0 (webtiles) character file.

Game seed: 7036977550091423747

70 Borgoz the Chopper (level 4, -5/27 HPs)
             Began as a Gargoyle Gladiator on Feb 9, 2019.
             Slain by a gnoll
             ... wielding a +0 halberd
              (10 damage)
             ... on level 2 of the Dungeon.
             The game lasted 00:02:17 (1521 turns).

Borgoz the Chopper (Gargoyle Gladiator)             Turns: 1521, Time: 00:02:17

Health: -5/27      AC:  7    Str: 18    XL:     4   Next: 21%
Magic:  4/4        EV: 13    Int:  8    God:
Gold:   59         SH:  0    Dex: 12    Spells: 3/3 levels left

rFire    . . .     SeeInvis .   a - +0 war axe
rCold    . . .     Gourm    .   (no shield)
rNeg     + . .     Faith    .   b - +0 leather armour
rPois    ∞         Spirit   .   c - +0 helmet
rElec    +         Reflect  .   (no cloak)
rCorr    .         Harm     .   (no gloves)
MR       .....                  (no boots)
Stlth    +.........             (no amulet)
HPRegen  0.09/turn              (no ring)
MPRegen  0.09/turn              (no ring)

@: no status effects
A: negative energy resistance 1, electricity resistance, unbreathing,
petrification resistance, rot immunity, AC +3
a: no special abilities


You were on level 2 of the Dungeon.
You were not hungry.

You visited 1 branch of the dungeon, and saw 2 of its levels.

You collected 59 gold pieces.

Inventory:

Hand Weapons
 a - a +0 war axe (weapon)
Missiles
 d - 3 throwing nets (quivered)
Armour
 b - a +0 leather armour (worn)
 c - a +0 helmet (worn)
Jewellery
 k - an uncursed ring of flight {unknown}
 l - an uncursed ring of ice {unknown}
Scrolls
 e - 2 scrolls of noise {unknown}
 i - 2 scrolls of fear {unknown}
 m - a scroll of remove curse {unknown}
Potions
 g - a potion of curing {unknown}
 h - a potion of heal wounds {unknown}
 j - a potion of flight {unknown}
Comestibles
 f - 2 rations
 n - 2 chunks of flesh


   Skills:
 + Level 2.9 Fighting
 + Level 3.1 Axes
 - Level 1.7 Throwing
 + Level 1.5 Armour
 * Level 3.1 Dodging


You had 3 spell levels left.
You didn't know any spells.
Your spell library was empty.

Dungeon Overview and Level Annotations

Branches:
Dungeon (2/15)

Altars:


Innate Abilities, Weirdness & Mutations

You are resistant to torment.
Your stone body is resilient. (AC +3)
You are immune to poison.
You resist negative energy. (rN+)
You are resistant to electric shocks. (rElec)
You can survive without breathing.
You are immune to petrification.
You are immune to rotting.


Message History

The gnoll is moderately wounded.
You closely miss the goblin. You barely miss the gnoll.
The gnoll hits you but does no damage. The gnoll hits you with a +0 spear.
The goblin hits you but does no damage. The gnoll closely misses you.
The gnoll barely misses you.
Unknown command.
The gnoll hits you from afar with a +0 spear.
The goblin hits you but does no damage. The gnoll hits you.
* * * LOW HITPOINT WARNING * * *
You are too injured to fight recklessly!
You are too injured to fight recklessly!
You hit the gnoll but do no damage.
The gnoll is moderately wounded.
You hit the gnoll. You hit the goblin. The gnoll barely misses you.
The gnoll closely misses you. The goblin misses you.
The gnoll barely misses you.
The gnoll hits you from afar with a +0 spear.
* * * LOW HITPOINT WARNING * * *
The gnoll hits you with a +0 halberd!
You die...

#.#. .# #.#.# .# .
##.#.##.# .. #.......##.
#....<$... #.......#
############.....g.# .
................@gl#...#
####..#####......g....#
####..#####.....(g...#.#
..)......##.########....
####..##.##.#...## #.#
####..##.##......# #
.................#
############.....# ##
##...##


You could see 3 gnolls, a leopard gecko and a goblin.

Vanquished Creatures
  Robin (D:2)
  An adder (D:2)
  A worm (D:2)
  A dart slug (D:1)
  3 leopard geckos (D:1)
  A ball python (D:2)
  2 bats (D:1)
  13 goblins
  3 hobgoblins
  A quokka (D:1)
  3 frilled lizards
  5 kobolds
  10 rats
45 creatures vanquished.

Notes
Turn   | Place    | Note
-------+----------+-------------------------------------------
     0 | D:1      | Borgoz the Gargoyle Gladiator began the quest for the Orb.
     0 | D:1      | Reached XP level 1. HP: 12/12 MP: 1/1
   159 | D:1      | Reached XP level 2. HP: 5/18 MP: 2/2
   763 | D:1      | Reached skill level 1 in Armour
   798 | D:2      | Reached XP level 3. HP: 22/22 MP: 3/3
   799 | D:2      | Noticed Robin
  1071 | D:2      | Killed Robin
  1110 | D:2      | Reached XP level 4. HP: 7/27 MP: 4/4
  1521 | D:2      | Slain by a gnoll

Skill      XL: |  1  2  3 |
---------------+----------+-----
Armour         | 1 |  1.5
Axes           | 3 |  3.1
Dodging        | 3 |  3.1
Fighting       | |  2.9
Throwing       | |  1.7

Action                   |  1- 3 |  4- 6 || total
-------------------------+-------+-------++-------
Melee: War axe           |   104 |    14 ||   118
 Stab: Sleeping          |       |     1 ||     1
  Eat: Chunk             |     1 |     1 ||     2
Armor: Leather armour    |    50 |     8 ||    58
Dodge: Dodged            |   116 |    15 ||   131
